| TOP OF THE 1ST |
|
Toledo Mud Hens batting - Pitching for Rochester Red Wings : RHP Nelson Sanchez
|
|
Pitching: RHP Nelson Sanchez
|
|
|
Batting: RHB Joey McEndree
|
0-0: Fly out, F8 (Line Drive, 8RD, EV 95.6 MPH)
|
|
Batting: LHB Ron Diggle
|
0-0: Fly out, F7 (Flyball, 7, EV 84.4 MPH)
|
|
Batting: LHB Greg Brock
|
0-0: SOLO HOME RUN (Flyball, 89XD, EV 98.8 MPH), Distance : 383 ft
|
|
Batting: RHB Gorman Thomas
|
0-0: Ball 1-0: Fly out, F8 (Flyball, 8RD, EV 74.4 MPH)
|
| Top of the 1st over - 1 run, 1 hit, 0 errors, 0 left on base; Toledo 1 - Rochester 0 |
| BOTTOM OF THE 1ST |
|
Rochester Red Wings batting - Pitching for Toledo Mud Hens : RHP James Moyer
|
|
Pitching: RHP James Moyer
|
|
|
Batting: RHB Johnnie LeMaster
|
0-0: Foul Ball, location: 2F 0-1: Called Strike 0-2: Strikes out swinging
|
|
Batting: LHB Ed Amelung
|
0-0: Called Strike 0-1: Swinging Strike 0-2: Foul Ball, location: 2F 0-2: Ground out 6-3 (Groundball, P, EV 88.8 MPH)
|
|
Batting: SHB Jordan Ayala
|
0-0: Foul Ball, location: 2F 0-1: Foul Ball, location: 2F 0-2: Ball 1-2: Strikes out looking
|
| Bottom of the 1st over - 0 runs, 0 hits, 0 errors, 0 left on base; Toledo 1 - Rochester 0 |
| TOP OF THE 2ND |
|
Toledo Mud Hens batting - Pitching for Rochester Red Wings : RHP Nelson Sanchez
|
|
Batting: RHB Milt Jefferson
|
0-0: Called Strike 0-1: Foul Ball, location: 2F 0-2: Strikes out swinging
|
|
Batting: RHB Dennis Odom
|
0-0: Called Strike 0-1: Ball 1-1: Foul Ball, location: 2F 1-2: Strikes out swinging
|
|
Batting: RHB Larry Patterson
|
0-0: Swinging Strike 0-1: Foul Ball, location: 2F 0-2: Foul Ball, location: 2F 0-2: SINGLE (Groundball, 56D, EV 84.4 MPH) (infield hit)
|
|
Batting: LHB Greg Johnston
|
0-0: Called Strike 0-1: Ball 1-1: Foul Ball, location: 2F 1-2: Strikes out swinging
|
| Top of the 2nd over - 0 runs, 1 hit, 0 errors, 1 left on base; Toledo 1 - Rochester 0 |
| BOTTOM OF THE 2ND |
|
Rochester Red Wings batting - Pitching for Toledo Mud Hens : RHP James Moyer
|
|
Batting: RHB Gerry Davis
|
0-0: Foul Ball, location: 2F 0-1: Ground out U3 (Groundball, 34, EV 98.8 MPH)
|
|
Batting: RHB Joe Carter
|
0-0: Fly out, F6 (Flyball, 6MD, EV 89.4 MPH)
|
|
Batting: RHB Chris Johnston
|
0-0: Ball 1-0: Foul Ball, location: 2F 1-1: Swinging Strike 1-2: Foul Ball, location: 2F 1-2: Ball 2-2: Strikes out swinging
|
| Bottom of the 2nd over - 0 runs, 0 hits, 0 errors, 0 left on base; Toledo 1 - Rochester 0 |
| TOP OF THE 3RD |
|
Toledo Mud Hens batting - Pitching for Rochester Red Wings : RHP Nelson Sanchez
|
|
Batting: RHB Bucky Dent
|
0-0: Called Strike 0-1: Called Strike 0-2: Ball 1-2: Fly out, F9 (Flyball, 9, EV 81.9 MPH)
|
|
Batting: RHB Joey McEndree
|
0-0: Called Strike 0-1: Foul Ball, location: 2F 0-2: Ball 1-2: Ball 2-2: Ground out 6-3 (Groundball, 6S, EV 68.1 MPH)
|
|
Batting: LHB Ron Diggle
|
0-0: Ball 1-0: Called Strike 1-1: Ground out U3 (Groundball, 3, EV 103.8 MPH)
|
| Top of the 3rd over - 0 runs, 0 hits, 0 errors, 0 left on base; Toledo 1 - Rochester 0 |
| BOTTOM OF THE 3RD |
|
Rochester Red Wings batting - Pitching for Toledo Mud Hens : RHP James Moyer
|
|
Batting: LHB Dave Falcone
|
0-0: Ball 1-0: Ball 2-0: Called Strike 2-1: Foul Ball, location: 2F 2-2: Ball 3-2: Foul Ball, location: 2F 3-2: Base on Balls
|
|
Batting: RHB Tom Brookens
|
0-0: Foul Ball, location: 2F 0-1: SINGLE (Line Drive, 78M, EV 98.1 MPH) Dave Falcone to second
|
|
Batting: RHB Jerry Dybzinski
|
0-0: Ball 1-0: Ball 2-0: Called Strike 2-1: Ball 3-1: Fly out, F8 (Flyball, 89XD, EV 94.4 MPH) Runner from 2nd tags up, SAFE at 3rd, no throw by CF
|
|
Batting: RHB Johnnie LeMaster
|
0-0: SINGLE (Groundball, 6S, EV 56.3 MPH) (infield hit) Dave Falcone scores Tom Brookens to second
|
|
Batting: LHB Ed Amelung
|
0-0: Called Strike 0-1: Ball 1-1: Fly out, F7 (Line Drive, 7, EV 95.6 MPH)
|
|
Batting: SHB Jordan Ayala
|
0-0: Called Strike 0-1: SINGLE (Line Drive, 8RS, EV 101.9 MPH) Tom Brookens to third Johnnie LeMaster to second Runner from 3rd tries for Home, SAFE, throw by CF to home
|
|
Batting: RHB Gerry Davis
|
0-0: Ball 1-0: Ball 2-0: Ball 3-0: Called Strike 3-1: Foul Ball, location: 2F 3-2: Base on Balls Johnnie LeMaster to third Jordan Ayala to second
|
|
Batting: RHB Joe Carter
|
0-0: Swinging Strike 0-1: Ball 1-1: Fly out, F8 (Flyball, 8LS, EV 80.6 MPH)
|
| Bottom of the 3rd over - 2 runs, 3 hits, 0 errors, 3 left on base; Toledo 1 - Rochester 2 |
| TOP OF THE 4TH |
|
Toledo Mud Hens batting - Pitching for Rochester Red Wings : RHP Nelson Sanchez
|
|
Batting: LHB Greg Brock
|
0-0: Ball 1-0: Ball 2-0: Called Strike 2-1: Foul Ball, location: 2F 2-2: Ball 3-2: Ground out 4-3 (Groundball, 34, EV 105.6 MPH)
|
|
Batting: RHB Gorman Thomas
|
0-0: Foul Ball, location: 2F 0-1: Ball 1-1: Ground out U3 (Groundball, 13, EV 91.9 MPH)
|
|
Batting: RHB Milt Jefferson
|
0-0: Ball 1-0: Called Strike 1-1: Foul Ball, location: 2F 1-2: Ball 2-2: Fly out, F6 (Popup, 6MD, EV 61.3 MPH)
|
| Top of the 4th over - 0 runs, 0 hits, 0 errors, 0 left on base; Toledo 1 - Rochester 2 |
| BOTTOM OF THE 4TH |
|
Rochester Red Wings batting - Pitching for Toledo Mud Hens : RHP James Moyer
|
|
Batting: RHB Chris Johnston
|
0-0: Called Strike 0-1: Ball 1-1: SINGLE (Line Drive, 34D, EV 95.0 MPH)
|
|
Batting: LHB Dave Falcone
|
0-0: Called Strike 0-1: Ball 1-1: Fly out, F6 (Flyball, 6MD, EV 86.9 MPH)
|
|
Batting: RHB Tom Brookens
|
0-0: Ground out 4-3 (Groundball, 13, EV 85.0 MPH) Chris Johnston to second
|
|
Batting: RHB Jerry Dybzinski
|
0-0: Ball 1-0: Ball 2-0: Ball 3-0: Foul Ball, location: 2F 3-1: Foul Ball, location: 2F 3-2: Ground out 3-1 (Groundball, 13, EV 87.5 MPH)
|
| Bottom of the 4th over - 0 runs, 1 hit, 0 errors, 1 left on base; Toledo 1 - Rochester 2 |
| TOP OF THE 5TH |
|
Toledo Mud Hens batting - Pitching for Rochester Red Wings : RHP Nelson Sanchez
|
|
Batting: RHB Dennis Odom
|
0-0: Swinging Strike 0-1: Ball 1-1: Reached on error, E5 (Groundball, 56S, EV 66.9 MPH)
|
|
Batting: RHB Larry Patterson
|
0-0: Foul Ball, location: 2F 0-1: Fly out, F8 (Flyball, 8RXD, EV 81.9 MPH)
|
|
Batting: LHB Greg Johnston
|
0-0: Swinging Strike 0-1: Ball 1-1: Ball 2-1: Called Strike 2-2: Strikes out looking
|
|
Batting: RHB Bucky Dent
|
0-0: Swinging Strike 0-1: Fielders Choice at 2nd, 6-4 (Groundball, 6, EV 104.4 MPH)
|
| Top of the 5th over - 0 runs, 0 hits, 1 error, 1 left on base; Toledo 1 - Rochester 2 |
| BOTTOM OF THE 5TH |
|
Rochester Red Wings batting - Pitching for Toledo Mud Hens : RHP James Moyer
|
|
Batting: RHB Johnnie LeMaster
|
0-0: Ball 1-0: Foul Ball, location: 2F 1-1: Ball 2-1: Ball 3-1: SINGLE (Groundball, 56, EV 100.0 MPH)
|
|
Batting: LHB Ed Amelung
|
0-0: Ball 1-0: Ball Johnnie LeMaster steals 2nd base 2-0: SINGLE (Groundball, 6MS, EV 66.9 MPH) (infield hit) Johnnie LeMaster to third
|
|
Batting: SHB Jordan Ayala
|
0-0: Ball Ed Amelung steals 2nd base 1-0: Ball 2-0: Called Strike 2-1: Ground out 6-3 (Groundball, 6, EV 95.6 MPH) Johnnie LeMaster scores
|
|
Batting: RHB Gerry Davis
|
0-0: 2-RUN HOME RUN (Flyball, 7D, EV 86.9 MPH), Distance : 359 ft
|
|
Batting: RHB Joe Carter
|
0-0: Foul Ball, location: 2F 0-1: Foul Ball, location: 2F 0-2: Ball 1-2: Fly out, F7 (Flyball, 78XD, EV 96.3 MPH)
|
|
Batting: RHB Chris Johnston
|
0-0: Called Strike 0-1: SINGLE (Groundball, 56D, EV 105.6 MPH)
|
|
Batting: LHB Dave Falcone
|
0-0: Called Strike 0-1: Ball 1-1: Swinging Strike 1-2: Foul Ball, location: 2F 1-2: Foul Ball, location: 2F 1-2: DOUBLE (Line Drive, 89D, EV 113.1 MPH) Chris Johnston to third Runner from 3rd tries for Home, SAFE, throw by RF to home
|
|
Pitching: RHP Tom Filer
|
|
|
Batting: RHB Tom Brookens
|
0-0: Called Strike 0-1: Ball 1-1: Foul Ball, location: 2F 1-2: Ball 2-2: Ball 3-2: Fly out, F8 (Flyball, 8RS, EV 90.0 MPH)
|
| Bottom of the 5th over - 4 runs, 5 hits, 0 errors, 1 left on base; Toledo 1 - Rochester 6 |
| TOP OF THE 6TH |
|
Toledo Mud Hens batting - Pitching for Rochester Red Wings : RHP Nelson Sanchez
|
|
Batting: RHB Joey McEndree
|
0-0: Foul Ball, location: 2F 0-1: Ball 1-1: Ball 2-1: Foul Ball, location: 2F 2-2: Foul Ball, location: 2F 2-2: Ball 3-2: Reached on error, E5 (Groundball, 5, EV 109.4 MPH)
|
|
Batting: LHB Ron Diggle
|
0-0: Ball 1-0: Reached via error on a dropped throw from 1B, E1 (Groundball, 34, EV 105.0 MPH) Joey McEndree to third
|
|
Batting: LHB Greg Brock
|
0-0: Swinging Strike 0-1: Ball 1-1: Ball 2-1: Fly out, F8 (Line Drive, 8RD, EV 89.4 MPH)
|
|
Batting: RHB Gorman Thomas
|
0-0: Ball 1-0: Called Strike 1-1: Foul Ball, location: 2F 1-2: Grounds into double play, 4-6-3 (Groundball, 34, EV 77.5 MPH)
|
| Top of the 6th over - 0 runs, 0 hits, 2 errors, 1 left on base; Toledo 1 - Rochester 6 |
| BOTTOM OF THE 6TH |
|
Rochester Red Wings batting - Pitching for Toledo Mud Hens : RHP Tom Filer
|
|
Batting: RHB Jerry Dybzinski
|
0-0: Ball 1-0: Called Strike 1-1: Ball 2-1: SINGLE (Groundball, 56D, EV 111.3 MPH)
|
|
Batting: RHB Johnnie LeMaster
|
0-0: Called Strike 0-1: Ball 1-1: Ball 2-1: Ball 3-1: Reached on error, E3 (Groundball, 3, EV 81.3 MPH) Jerry Dybzinski to second
|
|
Batting: LHB Ed Amelung
|
0-0: Ball 1-0: Foul Ball, location: 2F 1-1: Called Strike Jerry Dybzinski steals 3rd base 1-2: Ball 2-2: Fly out, F7 (Flyball, 7S, EV 93.1 MPH)
|
|
Batting: SHB Jordan Ayala
|
0-0: Foul Ball, location: 2F 0-1: Swinging Strike 0-2: Ball Johnnie LeMaster steals 2nd base (no throw) 1-2: Foul Ball, location: 2F 1-2: Ground out 5-3 (Groundball, 56, EV 84.4 MPH) Jerry Dybzinski scores
|
|
Batting: RHB Gerry Davis
|
0-0: Foul Ball, location: 2F 0-1: Ball 1-1: Swinging Strike 1-2: Foul Ball, location: 2F 1-2: Ball 2-2: Foul Ball, location: 2F 2-2: SINGLE (Line Drive, 56D, EV 98.1 MPH) Johnnie LeMaster to third Runner from 3rd tries for Home, SAFE, throw by LF to home
|
|
Batting: RHB Joe Carter
|
0-0: Ball 1-0: Swinging Strike 1-1: SINGLE (Line Drive, 78M, EV 101.3 MPH) Gerry Davis to second
|
|
Batting: RHB Chris Johnston
|
0-0: Ball 1-0: Called Strike 1-1: Ball 2-1: Swinging Strike 2-2: Strikes out swinging
|
| Bottom of the 6th over - 2 runs, 3 hits, 1 error, 2 left on base; Toledo 1 - Rochester 8 |
| TOP OF THE 7TH |
|
Toledo Mud Hens batting - Pitching for Rochester Red Wings : RHP Nelson Sanchez
|
|
Batting: RHB Milt Jefferson
|
0-0: Ball 1-0: Called Strike 1-1: Fly out, F9 (Flyball, 9S, EV 90.0 MPH)
|
|
Pinch Hitting: RHB Frank Moisa
|
0-0: Ball 1-0: Ball 2-0: Called Strike 2-1: Called Strike 2-2: Fly out, F8 (Flyball, 8LM, EV 86.9 MPH)
|
|
Batting: RHB Larry Patterson
|
0-0: Ball 1-0: Ball 2-0: Ball 3-0: Called Strike 3-1: Fly out, F8 (Flyball, 8LS, EV 92.5 MPH)
|
| Top of the 7th over - 0 runs, 0 hits, 0 errors, 0 left on base; Toledo 1 - Rochester 8 |
| BOTTOM OF THE 7TH |
|
Rochester Red Wings batting - Pitching for Toledo Mud Hens : RHP Tom Filer
|
|
Now at 2B: George LaCoe
|
|
|
Batting: LHB Dave Falcone
|
0-0: Called Strike 0-1: Ball 1-1: Ball 2-1: Foul Ball, location: 2F 2-2: Ball 3-2: SINGLE (Groundball, 3D, EV 103.1 MPH)
|
|
Pinch Hitting: RHB Edwin Agudelo
|
0-0: Swinging Strike 0-1: Ball 1-1: Ball 2-1: Foul Ball, location: 2F 2-2: Strikes out swinging
|
|
Batting: RHB Jerry Dybzinski
|
0-0: Ball 1-0: Ball 2-0: Called Strike 2-1: SINGLE (Groundball, 3S, EV 64.4 MPH) (infield hit) Dave Falcone to second
|
|
Batting: RHB Johnnie LeMaster
|
0-0: Ball 1-0: Foul Ball, location: 2F 1-1: Fielders Choice at 2nd, 6-4 (Groundball, 6, EV 101.9 MPH) Dave Falcone to third
|
|
Batting: LHB Ed Amelung
|
0-0: Foul Ball, location: 2F 0-1: Fly out, F1 (Line Drive, P, EV 76.3 MPH)
|
| Bottom of the 7th over - 0 runs, 2 hits, 0 errors, 2 left on base; Toledo 1 - Rochester 8 |
| TOP OF THE 8TH |
|
Toledo Mud Hens batting - Pitching for Rochester Red Wings : RHP Nelson Sanchez
|
|
Now at 3B: Edwin Agudelo
|
|
|
Batting: LHB Greg Johnston
|
0-0: Ground out 6-3 (Groundball, 6, EV 98.8 MPH)
|
|
Batting: RHB Bucky Dent
|
0-0: Foul Ball, location: 2F 0-1: Reached on error, E5 (Groundball, 56, EV 97.5 MPH)
|
|
Batting: RHB Joey McEndree
|
0-0: Ball 1-0: Called Strike 1-1: Ball Wild Pitch! Bucky Dent to third 2-1: Ball 3-1: Ground out 4-3 (Groundball, 4, EV 83.1 MPH) Bucky Dent scores
|
|
Batting: LHB Ron Diggle
|
0-0: Foul Ball, location: 2F 0-1: Foul Ball, location: 2F 0-2: Ball 1-2: Fly out, F7 (Flyball, 78XD, EV 83.1 MPH)
|
| Top of the 8th over - 1 run, 0 hits, 1 error, 0 left on base; Toledo 2 - Rochester 8 |
| BOTTOM OF THE 8TH |
|
Rochester Red Wings batting - Pitching for Toledo Mud Hens : RHP Tom Filer
|
|
Batting: SHB Jordan Ayala
|
0-0: Ball 1-0: Ball 2-0: Called Strike 2-1: Ball 3-1: Called Strike 3-2: Foul Ball, location: 2F 3-2: Strikes out looking
|
|
Batting: RHB Gerry Davis
|
0-0: Swinging Strike 0-1: Foul Ball, location: 2F 0-2: Ball 1-2: Foul Ball, location: 2F 1-2: Foul Ball, location: 2F 1-2: Strikes out looking
|
|
Batting: RHB Joe Carter
|
0-0: Foul Ball, location: 2F 0-1: Ball 1-1: Foul Ball, location: 2F 1-2: Ball 2-2: Ball 3-2: Fly out, F8 (Flyball, 8LXD, EV 108.1 MPH)
|
| Bottom of the 8th over - 0 runs, 0 hits, 0 errors, 0 left on base; Toledo 2 - Rochester 8 |
| TOP OF THE 9TH |
|
Toledo Mud Hens batting - Pitching for Rochester Red Wings : RHP Nelson Sanchez
|
|
Batting: LHB Greg Brock
|
0-0: Ball 1-0: Called Strike 1-1: Swinging Strike 1-2: SINGLE (Line Drive, 9S, EV 97.5 MPH)
|
|
Batting: RHB Gorman Thomas
|
0-0: Called Strike 0-1: Ball Wild Pitch! Greg Brock to second 1-1: Swinging Strike 1-2: Ball 2-2: Foul Ball, location: 2F 2-2: Fly out, F9 (Flyball, 9D, EV 103.1 MPH) Runner from 2nd tags up, SAFE at 3rd, no throw by RF
|
|
Batting: RHB Milt Jefferson
|
0-0: Called Strike 0-1: Called Strike 0-2: Ball 1-2: Ground out 6-3 (Groundball, 6, EV 81.9 MPH) Greg Brock scores
|
|
Batting: LHB George LaCoe
|
0-0: Foul Ball, location: 2F 0-1: Fly out, F9 (Flyball, 89M, EV 93.1 MPH)
|
| Top of the 9th over - 1 run, 1 hit, 0 errors, 0 left on base; Toledo 3 - Rochester 8 |
|